 Dungeon Crawl Stone Soup version 0.26-a0-652-gafc20e3620 (webtiles) character file.

Game seed: 11932183059269448465

22535 looop the Destroyer (level 13, -1/92 HPs)
             Began as an Octopode Conjurer on Oct 3, 2020.
             Was an Initiate of Gozag.
             Slain by a seven-headed hydra (16 damage)
             ... on level 4 of the Lair of Beasts.
             The game lasted 00:51:53 (18884 turns).

looop the Destroyer (Octopode Conjurer)            Turns: 18884, Time: 00:51:54

Health: -1/92      AC:  2    Str: 19    XL:     13   Next: 0%
Magic:  18/34      EV: 16    Int: 24    God:    Gozag
Gold:   1366       SH:  9    Dex: 11    Spells: 14/28 levels left

rFire    . . .     SeeInvis .   W - +6 spear of Hatred {flame, MR+ Str+6}
rCold    + . .     Faith    .   R - +0 buckler
rNeg     . . .     Spirit   .   F - +1 hat
rPois    .         Reflect  +   s - amulet of reflection
rElec    .         Harm     .   r - ring of protection from cold
rCorr    .         Rampage  .   L - +6 ring of strength
MR       +....                  U - ring of magical power
Stlth    +++.......             (no ring)
HPRegen  0.25/turn              (no ring)
MPRegen  0.24/turn              (no ring)
                                (no ring)
                                (no ring)

@: no status effects
A: almost no armour, stealthy swim, amphibious, 8 rings, constrict 8, camouflage
1, gelatinous body 1
a: Potion Petition, Call Merchant, Bribe Branch, Renounce Religion


You were on level 4 of the Lair of Beasts.
You worshipped Gozag.
Gozag was most pleased with you.
You visited 3 branches of the dungeon, and saw 16 of its levels.
You also visited: Sewer.

You collected 2555 gold pieces.
You spent 560 gold pieces at shops.
You paid 629 gold pieces to Gozag.

Inventory:

Hand Weapons
 a - a +2 trident of venom
 b - a +1 mace of protection
 B - a +2 broad axe of draining
 W - the +6 spear of Hatred (weapon) {flame, MR+ Str+6}
   (You found it on level 3 of the Lair of Beasts)

   It has been specially enchanted to burn those struck by it, causing extra
   injury to most foes and up to half again as much damage against particularly
   susceptible opponents.
   It affects your strength (+6).
   It affects your resistance to hostile enchantments.
Missiles
 d - 11 javelins (quivered)
 o - 18 boomerangs
 I - a throwing net
 X - 4 datura-tipped darts
Armour
 j - a +0 tower shield
 F - a +1 hat (worn)
 P - a +0 kite shield
 R - a +0 buckler (worn)
Jewellery
 r - a ring of protection from cold (left tentacle)
 s - an amulet of reflection (around mantle)
 L - a +6 ring of strength (right tentacle)
 U - a ring of magical power (on tentacle)
Wands
 h - a wand of flame (26)
 w - a wand of paralysis (17)
 z - a wand of iceblast (9)
 A - a wand of digging (15)
 D - a wand of polymorph (22)
 J - a wand of random effects (9)
 K - a wand of enslavement (16)
 O - a wand of disintegration (17)
 Y - a wand of acid (7)
Scrolls
 i - 5 scrolls of teleportation
 n - 10 scrolls of remove curse
 t - 4 scrolls of magic mapping
 u - 3 scrolls of enchant weapon
 y - 2 scrolls of blinking
 E - 2 scrolls of fog
 G - 4 scrolls of immolation
 H - 4 scrolls of noise
 M - 2 scrolls of amnesia
 T - 2 scrolls of identify
 V - a scroll of enchant armour {unknown}
Potions
 c - 8 potions of curing
 e - 3 potions of cancellation {unknown}
 f - 4 potions of flight
 g - 3 potions of lignification {unknown}
 k - 4 potions of might
 l - 3 potions of mutation {unknown}
 m - 4 potions of haste
 p - 9 potions of heal wounds
 v - 2 potions of berserk rage
 x - 2 potions of brilliance {unknown}
 C - 3 potions of stabbing
 N - a potion of degeneration {unknown}
 Q - a potion of ambrosia
 S - a potion of magic {unknown}


   Skills:
 - Level 10.0 Fighting
 - Level 6.9 Dodging
 - Level 2.6 Stealth
 - Level 4.0 Shields
 - Level 8.0 Spellcasting
 - Level 13.0 Conjurations
 + Level 5.5 Hexes
 - Level 4.0 Translocations
 - Level 5.0 Evocations


You had 14 spell levels left.
You knew the following spells:

 Your Spells              Type           Power        Failure   Level
a - Magic Dart            Conj           ####         1%          1
b - Searing Ray           Conj           ######       1%          2
c - Dazzling Flash        Conj/Hex       ######       1%          3
d - Fulminant Prism       Conj/Hex       ######....   1%          4
e - Iskenderun's Mystic   Conj/Tloc      ######..     1%          4

Your spell library contained the following spells:

 Spells                   Type           Power        Failure   Level
 Beastly Appendage        Tmut           #.....       6%          1
 Wereblood                Tmut           #.......     10%         2
 Spider Form              Tmut/Pois      #.........   19%         3
 Ice Form                 Ice/Tmut       #.......     54%         4
 Blade Hands              Tmut           #.........   87%         5


Dungeon Overview and Level Annotations

Branches:
Dungeon (11/15)            Temple (1/1) D:6            Lair (4/6) D:9
 Shoals (0/4) Lair:2        Snake (0/4) Lair:4        Sewer (visited)
    Orc: D:9-12

Altars:
Ashenzari
Cheibriados
Dithmenos
Elyvilon
Fedhas
Gozag
Hepliaklqana
Kikubaaqudgha
Makhleb
Nemelex Xobeh
Okawaru
Qazlal
Ru
Sif Muna
Trog
Uskayaw
Vehumet
Wu Jian
Xom
Yredelemnul
Zin
The Shining One

Shops:
D:5 *   D:9 *   D:10 ?   Lair:3 =

Annotations:
Lair:3 2 transporters, Oluanan's ghost, journeyman DsFi
Lair:4 3 transporters, Urug; gressup's ghost, novice DDWr


Innate Abilities, Weirdness & Mutations

You cannot wear most types of armour.
You are very stealthy in the water. (Stealth+)
You are amphibious.
You can wear up to eight rings at the same time.
You can use your tentacles to constrict eight enemies at once.
Your skin changes colour to match your surroundings (Stealth+).
Your rubbery body absorbs attacks. (AC +1, EV +1)


Message History

You hear an angry hiss. x3
Casting: Fulminant Prism (mildly dangerous; 1% risk of failure)
Confirm with . or Enter, or press ? or * to list all spells.
Press: ? - help, Dir - move target cursor You conjure a prism of explosive energy!
A fulminant prism comes into view.
Something loses its grip on the plant.
Your fulminant prism crackles loudly.
Casting: Fulminant Prism (mildly dangerous; 1% risk of failure)
Confirm with . or Enter, or press ? or * to list all spells.
Aiming: Searing Ray (safe; 1% risk of failure)
Press: ? - help, Shift-Dir - straight line, f - seven-headed hydra
Aim: a seven-headed hydra (severely wounded)
The searing ray hits the seven-headed hydra!
The seven-headed hydra is almost dead. (Press . to maintain the ray.)
You block the seven-headed hydra's attack.
The seven-headed hydra bites you!
You die...
Your body crumbles into a pile of gold.

####### . #.....# $
.P######.....#####
.......##.....#.P##
.................#
#...#.*......#####
#..@D)..(........##
#........####©###..##
#....#.#####$
###.##.). #...#..#W..
....y##.#
#.....l##...# #...Y#.#
#.#..>. ....y.
.##..#.# . #).?.
©.##..©..#...#..
.....#.....#....S#.##.
. #. ## ... #D


You could see a seven-headed hydra, a moth of wrath, a basilisk, gressup's ghost
and a friendly fulminant prism.

Vanquished Creatures
  Harold (D:7)
  3 hydras
  2 two-headed ogres (D:10)
  The ghost of Creed the Blocker, a novice MiFi of Qazlal (D:8)
  An unseen horror (D:10)
  Pikel (D:6)
  A black mamba (Lair:4)
  A merfolk siren (Lair:2)
  Maggie (D:6)
  6 cane toads
  2 komodo dragons
  A polar bear (Lair:4)
  A troll (D:10)
  A merfolk (Lair:2)
  Grinder (D:6)
  5 hippogriffs
  8 blink frogs (Lair:1)
  Sigmund (D:2)
  A basilisk (Lair:3)
  18 yaks
  Eustachio (D:6)
  7 porcupines
  6 water moccasins
  3 orc warriors
  A sky beast (D:10)
  4 ice beasts
  A necrophage (D:5)
  4 wolves (Lair:2)
  A phantom (D:6)
  An eye of draining (D:10)
  5 centaurs
  6 ogres
  A lemure (D:6)
  6 crocodiles
  7 big kobolds (D:8)
  13 bullfrogs
  2 scorpions (D:9)
  3 howler monkeys (D:9)
  4 jellies
  A centaur zombie (D:9)
  4 hounds
  A quasit (D:6)
  3 bullfrog skeletons
  Crazy Yiuf (D:3)
  4 orc priests
  Terence (D:2)
  3 iguanas
  Natasha (thrice) (D:2)
  5 orc wizards
  7 worker ants
  A killer bee zombie (D:5)
  A hound skeleton (D:9)
  A howler monkey zombie (D:7)
  Robin (D:2)
  3 worker ant zombies
  15 adders
  9 river rats (Sewer)
  4 white imps
  5 ufetubi
  An ooze (D:2)
  An adder skeleton (D:7)
  3 adder zombies
  3 worms
  3 leopard geckos
  31 orcs
  7 bats
  6 giant cockroaches
  14 goblins
  7 hobgoblins
  10 jackals
  A quokka (D:3)
  7 ball pythons
  9 frilled lizards
  A jackal skeleton (D:6)
  A jackal zombie (D:5)
  20 kobolds
  A quokka zombie (D:6)
  24 rats
356 creatures vanquished.

Vanquished Creatures (collateral kills)
  2 merfolk sirens (Lair:2)
2 creatures vanquished.

Vanquished Creatures (others)
  68 fulminant prisms
  31 fungi
  59 plants
158 creatures vanquished.

Grand Total: 516 creatures vanquished

Notes
Turn   | Place    | Note
-------+----------+-------------------------------------------
     0 | D:1      | looop the Octopode Conjurer began the quest for the Orb.
     0 | D:1      | Reached XP level 1. HP: 11/11 MP: 3/3
   279 | D:1      | Reached XP level 2. HP: 17/17 MP: 3/5
   884 | D:2      | Noticed Natasha
   890 | D:1      | Learned a level 2 spell: Searing Ray
   893 | D:2      | Killed Natasha
   893 | D:2      | Reached skill level 1 in Fighting
   893 | D:2      | Reached XP level 3. HP: 23/23 MP: 3/6
   917 | D:2      | Noticed Natasha
  1197 | D:2      | Killed Natasha
  1197 | D:2      | Reached XP level 4. HP: 18/28 MP: 3/7
  1249 | D:2      | Learned a level 3 spell: Dazzling Flash
  1723 | D:2      | Noticed Sigmund
  1748 | D:2      | Killed Sigmund
  1748 | D:2      | Reached skill level 5 in Conjurations
  1748 | D:2      | Reached XP level 5. HP: 8/36 MP: 0/9
  1748 | D:2      | Reached XP level 6. HP: 10/42 MP: 0/10
  1751 | D:2      | Identified the +2 helmet of Sorcery {Rampage}
  1751 | D:2      | Noticed Robin
  1757 | D:2      | Noticed Natasha
  2038 | D:1      | Learned a level 4 spell: Fulminant Prism
  2053 | D:2      | Noticed Terence
  2102 | D:2      | Killed Terence
  2209 | D:2      | Killed Robin
  2555 | D:2      | Killed Natasha
  2989 | D:3      | Found a runed translucent door.
  3015 | D:3      | Noticed Crazy Yiuf
  3633 | D:4      | Reached skill level 1 in Hexes
  4038 | D:4      | Reached skill level 6 in Conjurations
  4038 | D:4      | Reached XP level 7. HP: 47/47 MP: 10/12
  4719 | D:5      | Entered Level 5 of the Dungeon
  5009 | D:5      | Found Meuk's Assorted Antiques.
  5098 | D:5      | Bought a scroll labeled SIJOPR CUEPEKH for 26 gold pieces
  5433 | D:5      | Reached XP level 8. HP: 48/54 MP: 8/14
  5499 | D:5      | Reached skill level 7 in Conjurations
  5787 | D:6      | Found a glowing drain.
  5794 | D:6      | Noticed Pikel
  5796 | Sewer    | Entered a sewer
  6641 | D:6      | Killed Pikel
  6641 | D:6      | Reached skill level 5 in Spellcasting
  6641 | D:6      | Reached skill level 8 in Conjurations
  6806 | D:6      | Found a staircase to the Ecumenical Temple.
  6812 | Temple   | Entered the Ecumenical Temple
  7016 | Temple   | Learned a level 4 spell: Iskenderun's Mystic Blast
  7029 | Temple   | Became a worshipper of Gozag Ym Sagoz the Greedy
  7119 | D:6      | Noticed Grinder
  7128 | D:6      | Killed Grinder
  7128 | D:6      | Reached XP level 9. HP: 59/59 MP: 11/16
  7608 | D:6      | Noticed Maggie
  7626 | D:6      | Killed Maggie
  7626 | D:6      | Reached skill level 5 in Fighting
  7626 | D:6      | Reached skill level 9 in Conjurations
  7887 | D:6      | Noticed Eustachio
  8050 | D:7      | Noticed Harold
  8076 | D:7      | Killed Harold
  8076 | D:7      | Reached skill level 5 in Dodging
  8400 | D:7      | Reached XP level 10. HP: 68/68 MP: 13/18
  9059 | D:8      | Found a runed translucent gate.
  9066 | D:8      | Found a runed translucent gate.
  9066 | D:8      | Found a runed translucent gate.
  9072 | D:8      | Noticed Creed's ghost (novice MiFi)
  9275 | D:6      | Killed Eustachio
 10014 | D:8      | Found a stormy altar of Qazlal.
 10580 | D:9      | Reached skill level 10 in Conjurations
 10589 | D:9      | Found Addaed's Assorted Antiques.
 10601 | D:9      | Found a shimmering blue altar of Sif Muna.
 10723 | D:9      | Found a staircase to the Lair.
 11268 | D:9      | Found a sacrificial altar of Ru.
 11268 | D:9      | Found a hide-covered altar of Uskayaw.
 11388 | D:10     | Entered Level 10 of the Dungeon
 11465 | D:10     | Noticed a two-headed ogre
 11480 | D:10     | Killed a two-headed ogre
 11480 | D:10     | Reached skill level 11 in Conjurations
 11573 | D:10     | Reached XP level 11. HP: 72/77 MP: 0/19
 11768 | D:10     | Found Cokuh's Magic Scroll Shop.
 11785 | D:10     | Bought a scroll of amnesia for 59 gold pieces
 11785 | D:10     | Bought a scroll of immolation for 59 gold pieces
 11785 | D:10     | Bought a scroll of teleportation for 51 gold pieces
 11785 | D:10     | Bought a scroll of fog for 34 gold pieces
 11785 | D:10     | Bought a scroll of teleportation for 51 gold pieces
 11812 | D:10     | Killed an unseen horror
 12065 | D:10     | Noticed a six-headed hydra
 12381 | D:10     | Reached skill level 12 in Conjurations
 12399 | D:10     | Noticed a two-headed ogre
 12413 | D:10     | Killed a two-headed ogre
 12981 | D:10     | Killed a six-headed hydra
 13242 | Lair:1   | Entered Level 1 of the Lair of Beasts
 13481 | Lair:1   | Reached skill level 1 in Shields
 14027 | Lair:1   | Found a blossoming altar of Fedhas.
 14791 | Lair:2   | Reached skill level 1 in Evocations
 14937 | Lair:2   | Reached XP level 12. HP: 70/85 MP: 1/21
 15218 | Lair:2   | Found a staircase to the Shoals.
 15716 | Lair:2   | Reached skill level 5 in Evocations
 16089 | Lair:3   | Noticed a seven-headed hydra
 16109 | Lair:3   | Killed a seven-headed hydra
 16109 | Lair:3   | Reached skill level 10 in Fighting
 16314 | Lair:3   | Bought an uncursed ring of magical power for 280 gold
                  | pieces
 16358 | Lair:3   | Reached skill level 13 in Conjurations
 16484 | Lair:3   | Got a fine spear
 16485 | Lair:3   | Identified the +6 spear of Hatred {flame, MR+ Str+6} (You
                  | found it on level 3 of the Lair of Beasts)
 16540 | Lair:3   | Found a transporter.
 16543 | Lair:3   | Noticed Oluanan's ghost (journeyman DsFi)
 16544 | Lair:3   | Found a transporter.
 17078 | Lair:3   | Noticed a five-headed hydra
 17083 | Lair:3   | Killed a five-headed hydra
 17384 | D:3      | Killed Crazy Yiuf
 17522 | D:8      | Killed Creed's ghost
 18086 | Lair:4   | Found a staircase to the Snake Pit.
 18596 | Lair:4   | Reached skill level 5 in Hexes
 18617 | Lair:4   | Noticed Urug
 18636 | Lair:4   | Found a transporter.
 18644 | Lair:4   | Found a transporter.
 18732 | Lair:4   | Reached XP level 13. HP: 44/92 MP: 18/25
 18878 | Lair:4   | Found a transporter.
 18880 | Lair:4   | Noticed gressup's ghost (novice DDWr)
 18884 | Lair:4   | Slain by a seven-headed hydra

Illustrated notes

Levels and vault maps discovered:
D:1:      dpeg_arrival_snail, layout_loops_ring
D:2:      layout_rooms, uniq_sigmund, uniq_terence, uniq_natasha, uniq_robin
D:3:      layout_loops_cross, uniq_crazy_yiuf_cottage
D:4:      layout_basic
D:5:      layout_gridville, serial_shops, shop
D:6:      minmay_clustersquares, layout_rooms, minmay_temple_entry_fiery,
          cheibrodos_sewer_entry_bend, kennysheep_windowed_goal, uniq_eustachio,
          uniq_pikel, uniq_grinder, uniq_maggie
D:7:      layout_basic, uniq_harold
D:8:      layout_cave_pools, nicolae_qazlal_style_of_elements,
          gammafunk_ghost_nasty_kobolds, minmay_crossroads
D:9:      layout_basic, gammafunk_temple_overflow_pools, lemuel_round_altar,
          lair_entry_dummy, serial_shops, shop
D:10:     layout_basic, serial_shops, shop_coins
D:11:     layout_irregular_city, serial_glass, glass_columns_b, glass_columns_a,
          glass_columns_a, glass_columns_c, glass_columns_a, glass_columns_a,
          serial_shops, shop, kennysheep_nondescript
Temple:   dpeg_five_rooms_temple
Lair:1:   layout_misc_corridors, basic_altar
Lair:2:   layout_roguey, elwin_shoals_entry_stream, beast_lair_carwin_5
Lair:3:   layout_chaotic_city, gammafunk_ghost_arena
Lair:4:   gammafunk_cloud_chamber, layout_misc_corridors,
          minmay_snake_entry_six_corridors, gammafunk_ghost_berserking_beasts,
          uniq_urug

Skill      XL: |  1  2  3  4  5  6  7  8  9 10 11 12 |
---------------+-------------------------------------+-----
Fighting       | 1 3 4 6 8 9 10 | 10.0
Spellcasting   | 3 4 5 6 8 |  8.0
Conjurations   | 5 6 8 9 11 12 13 | 13.0
Hexes          | 1 2 4 5 |  5.5
Dodging        | 5 6 |  6.9
Translocations | 2 4 |  4.0
Shields        | 4 |  4.0
Evocations     | 2 5 |  5.0
Stealth        | |  2.6

Action                   |  1- 3 |  4- 6 |  7- 9 | 10-12 | 13-15 || total
-------------------------+-------+-------+-------+-------+-------++-------
Melee: Unarmed           |     3 |       |       |       |       ||     3
       Constrict         |     2 |     4 |    20 |    37 |       ||    63
       Whip              |     4 |     2 |       |       |       ||     6
       Tentacles         |     1 |     4 |     6 |    24 |       ||    35
       Mace              |       |    16 |       |       |       ||    16
       Trident           |       |     4 |    93 |   137 |       ||   234
       Spear             |       |       |       |    37 |       ||    37
Throw: Javelin           |       |     7 |       |     1 |       ||     8
 Cast: Magic Dart        |    26 |    59 |    61 |   107 |       ||   253
       Searing Ray       |     2 |    13 |    32 |    99 |     2 ||   148
       Fulminant Prism   |       |       |     7 |    58 |     4 ||    69
       Dazzling Flash    |       |       |     1 |       |     1 ||     2
       Iskenderun's Myst |       |       |       |     8 |       ||     8
Invok: Call Merchant     |       |       |       |     1 |       ||     1
Evoke: Wand              |       |       |     7 |     3 |       ||    10
  Use: Scroll            |       |     6 |    11 |     6 |     1 ||    24
 Stab: Sleeping          |     1 |       |     2 |     1 |       ||     4
       Paralysed         |       |       |     2 |       |       ||     2
       Distracted        |       |       |       |     1 |       ||     1
Armor: Skin              |     2 |     5 |     4 |    10 |       ||    21
Dodge: Dodged            |     6 |    22 |    51 |   158 |     2 ||   239
Block: Other             |       |     6 |    18 |    22 |       ||    46
       Reflection        |       |       |     4 |     3 |       ||     7
       Buckler           |       |       |       |    34 |     3 ||    37

Table legend: (Time is in decaauts)
 A = Elapsed time spent in this place.
 B = Non-inter-level travel time spent in this place.
 C = Inter-level travel time spent in this place.
 D = Time resting spent in this place.
 E = Time spent auto-exploring this place.
 F = Levels seen in this place.
 G = Mean time per level.
                   A        B        C        D        E       F      G
               +--------+--------+--------+--------+--------+-----+--------+
         Total |  18987 |  17621 |   1366 |   4539 |   9964 |  17 | 1116.9 |
       Dungeon |  12838 |  11753 |   1085 |   2889 |   6942 |  11 | 1167.1 |
        Temple |    269 |    194 |     75 |      0 |    188 |   1 |  269.0 |
          Lair |   5028 |   4823 |    205 |   1650 |   2253 |   4 | 1257.0 |
         Sewer |    851 |    851 |      0 |      0 |    581 |   1 |  851.0 |
               +--------+--------+--------+--------+--------+-----+--------+

Top non-repeatable levels by time:
    D:10: 1833 daAuts
  Lair:2: 1713 daAuts
     D:6: 1685 daAuts
     D:1: 1620 daAuts
     D:8: 1307 daAuts
     D:2: 1301 daAuts
  Lair:3: 1252 daAuts
     D:4: 1210 daAuts
     D:7: 1194 daAuts
  Lair:1: 1079 daAuts
  Lair:4: 982 daAuts
     D:9: 971 daAuts
     D:5: 961 daAuts
   Sewer: 851 daAuts
     D:3: 744 daAuts
